[Event "Polofinale MCR junioru 2023"]
[Site "Czech Republic"]
[Date "2023.11.11"]
[Round "1.1"]
[White "Vojta, Jakub"]
[Black "Benes, Jachym"]
[Result "1/2-1/2"]
[TimeControl "90 min per 40 moves + 15 min + 30 sec / move from move 1"]
[WhiteFideId "382515"]
[BlackFideId "23710870"]
[WhiteElo "2267"]
[BlackElo "1950"]

1. Nf3 d5 2. g3 Nf6 3. Bg2 Nbd7 4. d4 e6 5. O-O Be7 6. c4 O-O 7. Nbd2 b6 8. Ne5 Bb7 9. b3 c5 10.
e3 Rc8 11. Bb2 Qc7 12. Rc1 Rfd8 13. Nxd7 Qxd7 14. dxc5 bxc5 15. cxd5 exd5 16. Qe2 Qe6 17. Rfd1 Ba6 18. Qe1 h6 19.
Nf3 Ne4 20. Qa5 Rd6 21. Nd2 Ng5 22. Rxc5 Rxc5 23. Qxc5 Rc6 24. Qxa7 Rc2 25. Bc1 Qc8 26. Qxe7 Rxc1 27. Rxc1 Qxc1+ 28. Bf1 1/2-1/2

[Event "Polofinale MCR junioru 2023"]
[Site "Czech Republic"]
[Date "2023.11.11"]
[Round "1.2"]
[White "Svacina, Tobias"]
[Black "Jun, Rudolf"]
[Result "0-1"]
[TimeControl "90 min per 40 moves + 15 min + 30 sec / move from move 1"]
[WhiteFideId "385859"]
[BlackFideId "376612"]
[WhiteElo "1941"]
[BlackElo "2260"]

1. e4 c5 2. Nf3 Nc6 3. d4 cxd4 4. Nxd4 Nf6 5. Nc3 e5 6. Ndb5 d6 7. Nd5 Nxd5 8. exd5 Ne7 9. c4 Ng6 10.
h4 a6 11. h5 axb5 12. hxg6 fxg6 13. cxb5 Be7 14. Bd3 Bf5 15. b4 O-O 16. Bxf5 Rxf5 17. a4 Qc7 18. Qb3 Raf8 19. Rf1 Bg5 20.
Bxg5 Rxg5 21. Qe3 Rg4 22. Rc1 Qf7 23. Qb3 Re4+ 24. Kd1 Qf4 25. Rc3 Rxb4 26. Qc2 Rd4+ 27. Ke1 Re4+ 28. Kd1 Rxa4 29.
Rf3 Qd4+ 0-1

[Event "Polofinale MCR junioru 2023"]
[Site "Czech Republic"]
[Date "2023.11.11"]
[Round "1.3"]
[White "Hak, David"]
[Black "Slaby, Matej"]
[Result "1-0"]
[TimeControl "90 min per 40 moves + 15 min + 30 sec / move from move 1"]
[WhiteFideId "377007"]
[BlackFideId "23734876"]
[WhiteElo "2253"]
[BlackElo "1940"]

1. e4 c6 2. Nf3 d5 3. Nc3 dxe4 4. Nxe4 Nd7 5. d4 Ngf6 6. Ng3 e6 7. Bd3 Bd6 8. O-O O-O 9. Be3 b6 10.
a4 Bb7 11. a5 c5 12. a6 Bxf3 13. Qxf3 cxd4 14. Bxd4 Be5 15. Ra4 Rc8 16. Ne4 Nd5 17. Nd6 b5 18. Nxb5 Bxd4 19. Rxd4 g6 20.
c4 1-0

[Event "Polofinale MCR junioru 2023"]
[Site "Czech Republic"]
[Date "2023.11.11"]
[Round "1.4"]
[White "Pressler, Tobias"]
[Black "Ocelak, Jakub"]
[Result "1/2-1/2"]
[TimeControl "90 min per 40 moves + 15 min + 30 sec / move from move 1"]
[WhiteFideId "23715359"]
[BlackFideId "23707933"]
[WhiteElo "1937"]
[BlackElo "2238"]

1. e4 c5 2. Nc3 Nc6 3. Bb5 d6 4. d3 Bd7 5. f4 Nf6 6. Nf3 a6 7. Bc4 b5 8. Bb3 b4 9. Ne2 Na5 10.
O-O c4 11. Bxc4 Nxc4 12. dxc4 Nxe4 13. Be3 e6 14. Bd4 Bc6 15. Qe1 Qb8 16. Ng3 Qb7 17. Rd1 O-O-O 18. c3 Nxg3 19. Qxg3 b3 20.
axb3 Qxb3 21. Ra1 Bb7 22. Nd2 Qc2 23. Qe3 Be7 24. f5 e5 25. Bb6 Rd7 26. b4 d5 1/2-1/2

[Event "Polofinale MCR junioru 2023"]
[Site "Czech Republic"]
[Date "2023.11.11"]
[Round "1.5"]
[White "Soucek, Petr"]
[Black "Cerny, Michal"]
[Result "1-0"]
[TimeControl "90 min per 40 moves + 15 min + 30 sec / move from move 1"]
[WhiteFideId "23715170"]
[BlackFideId "391964"]
[WhiteElo "2227"]
[BlackElo "1920"]

1. c4 c5 2. Nf3 Nc6 3. Nc3 Nf6 4. d4 cxd4 5. Nxd4 e6 6. e4 Bb4 7. Nxc6 bxc6 8. Bd3 Qc7 9. O-O O-O 10.
Qe2 e5 11. Na4 Be7 12. Bd2 d6 13. h3 Be6 14. Rac1 Nd7 15. b4 f5 16. exf5 Bxf5 17. b5 Rac8 18. Rfd1 Qb7 19. Bxf5 Rxf5 20.
Be3 cxb5 21. cxb5 Rxc1 22. Rxc1 d5 23. Qc2 Rf8 24. Qc6 Rb8 25. Qe6+ Kf8 26. Nc5 Nxc5 27. Bxc5 Bxc5 28. Rxc5 Re8 29.
Qd6+ Qe7 30. Qxd5 Qe6 31. Qf3+ Kg8 32. a4 e4 33. Qe3 Qa2 34. Qd4 Qb1+ 35. Kh2 Qd3 36. Qe3 Qd6+ 37. g3 Rf8 38.
Kg2 Qe7 39. Rc4 Re8 40. Qc3 Qf7 41. Rc7 Re7 42. Rc8+ Re8 43. Qc6 Qf3+ 44. Kg1 Rxc8 45. Qxc8+ Kf7 46. Qd7+ Kf8 47. Qxa7 1-0

[Event "Polofinale MCR junioru 2023"]
[Site "Czech Republic"]
[Date "2023.11.11"]
[Round "1.6"]
[White "Hrbek, Jachym"]
[Black "Seidl, Jan"]
[Result "0-1"]
[TimeControl "90 min per 40 moves + 15 min + 30 sec / move from move 1"]
[WhiteFideId "23709138"]
[BlackFideId "23714522"]
[WhiteElo "1913"]
[BlackElo "2224"]

1. d4 d5 2. Nf3 Nf6 3. e3 e6 4. Bd3 c5 5. c3 Nc6 6. O-O Bd6 7. Nbd2 O-O 8. e4 cxd4 9. cxd4 Nb4 10.
Bb1 dxe4 11. Nxe4 Be7 12. Re1 b6 13. a3 Nbd5 14. Qd3 Bb7 15. Nfg5 Nxe4 16. Qxe4 g6 17. Qh4 Bxg5 18. Bxg5 f6 19.
Bh6 Re8 20. Qg4 f5 21. Qg3 Qc7 22. Qxc7 Nxc7 23. Ba2 Rac8 24. Rac1 Kf7 25. Bf4 Nd5 26. Be5 Ne7 27. Bf4 Bd5 28.
Bxd5 Nxd5 29. Be5 Ke7 30. Kf1 Kd7 31. Ke2 Rxc1 32. Rxc1 Rc8 33. Rxc8 Kxc8 34. h4 Kd7 35. Kd3 Kc6 36.
g3 b5 37. b4 Nb6 38. Bf4 Kd5 39. Bc1 Nc4 40. f4 a6 41. Be3 Nxe3 42. Kxe3 Kc4 0-1

[Event "Polofinale MCR junioru 2023"]
[Site "Czech Republic"]
[Date "2023.11.11"]
[Round "1.7"]
[White "Bokhnak, Timofey"]
[Black "Babula, Matej"]
[Result "1-0"]
[TimeControl "90 min per 40 moves + 15 min + 30 sec / move from move 1"]
[WhiteFideId "14172976"]
[BlackFideId "398322"]
[WhiteElo "2210"]
[BlackElo "1899"]

1. e4 e5 2. Nf3 Nc6 3. Nc3 Nf6 4. Bb5 Bc5 5. O-O d6 6. d4 exd4 7. Nxd4 Bd7 8. Nf5 O-O 9. Bg5 h6 10.
Bh4 Kh8 11. Nxh6 a6 12. Bxc6 bxc6 13. Nf5 Be6 14. Qf3 Bxf5 15. Qxf5 Bd4 16. Ne2 Bxb2 17. Rab1 Rb8 18. c3 Qe7 19.
f3 Ba3 20. Nd4 Bc5 21. Kh1 Bxd4 22. cxd4 Rb5 23. Qf4 Rfb8 24. Rbc1 R5b6 25. e5 dxe5 26. dxe5 Nd5 27. Qe4 Qe6 28.
a3 Rb2 29. Bg3 Qh6 30. f4 R8b3 31. Rf3 Rxf3 32. Qxf3 Qg6 33. f5 Qg5 34. Re1 Rc2 35. h4 Qd2 36. e6 Rc1 37. Qh5+ Kg8 38.
exf7+ Kf8 39. Qh8+ 1-0

[Event "Polofinale MCR junioru 2023"]
[Site "Czech Republic"]
[Date "2023.11.11"]
[Round "1.8"]
[White "Vylicil, Adam"]
[Black "Winter, Ondrej"]
[Result "1/2-1/2"]
[TimeControl "90 min per 40 moves + 15 min + 30 sec / move from move 1"]
[WhiteFideId "23717556"]
[BlackFideId "23702192"]
[WhiteElo "1896"]
[BlackElo "2163"]

1. d4 Nf6 2. c4 g6 3. g3 c6 4. Bg2 d5 5. Nf3 Bg7 6. O-O O-O 7. Ne5 Nbd7 8. Nc3 e6 9. f4 dxc4 10.
Nxc4 Nd5 11. e4 N7b6 12. Nxb6 Nxb6 13. e5 Nd5 14. Ne4 b6 15. Nd6 Ba6 16. Rf2 Qd7 17. Qa4 Bb5 18. Qb3 Ba6 19.
Qa4 Bb5 20. Qb3 Ba6 1/2-1/2

[Event "Polofinale MCR junioru 2023"]
[Site "Czech Republic"]
[Date "2023.11.11"]
[Round "1.9"]
[White "Vilimek, Vit"]
[Black "Popov, Roman"]
[Result "1-0"]
[TimeControl "90 min per 40 moves + 15 min + 30 sec / move from move 1"]
[WhiteFideId "23718218"]
[BlackFideId "23732580"]
[WhiteElo "2163"]
[BlackElo "1889"]

1. e4 c6 2. d4 d5 3. e5 c5 4. dxc5 e6 5. a3 Bxc5 6. b4 Be7 7. Nf3 a5 8. b5 Nd7 9. Be2 f6 10.
Bb2 Qc7 11. c4 Nxe5 12. Nxe5 fxe5 13. cxd5 Nf6 14. Nc3 O-O 15. Rc1 Qd6 16. Bc4 exd5 17. Nxd5 Be6 18. Nxf6+ Rxf6 19. Qxd6 Bxd6 20.
O-O Bxc4 21. Rxc4 Raf8 22. f3 Rf4 23. Rfc1 b6 24. h3 Bc5+ 25. Rxc5 bxc5 26. Bxe5 R4f5 27. Rxc5 Re8 28. f4 Rf7 29.
b6 Rb7 30. Bc7 Ra8 31. Kf2 Kf7 32. Ke3 Ke7 33. Kd4 Kd7 34. Kc4 a4 35. Kb5 g6 36. Rd5+ Ke6 37. Rd6+ Ke7 38. Kc6 Rxc7+ 39. Kxc7 Ra5 40. b7 Rb5 41. Rb6 Rc5+ 42. Rc6 1-0

[Event "Polofinale MCR junioru 2023"]
[Site "Czech Republic"]
[Date "2023.11.11"]
[Round "1.10"]
[White "Fizerova, Lucie"]
[Black "Fizer, Marek"]
[Result "0-1"]
[TimeControl "90 min per 40 moves + 15 min + 30 sec / move from move 1"]
[WhiteFideId "385115"]
[BlackFideId "391980"]
[WhiteElo "1886"]
[BlackElo "2162"]

1. c4 e5 2. Nc3 Bb4 3. Nd5 Be7 4. g3 d6 5. Bg2 Nf6 6. Nxf6+ Bxf6 7. d3 Nc6 8. Nf3 Be6 9. Rb1 a5 10.
a3 a4 11. O-O O-O 12. Be3 d5 13. cxd5 Bxd5 14. Qd2 Na5 15. h4 Re8 16. Nh2 Bxg2 17. Kxg2 Qd5+ 18. f3 Nb3 19. Qc2 Nd4 20.
Qd2 Ra6 21. Ng4 Bd8 22. Bf2 f5 23. Ne3 Qf7 24. Nc4 c5 25. Bxd4 exd4 26. f4 Qd5+ 27. Rf3 Rae6 28. Re1 Bc7 29.
Qd1 b5 30. Nd2 Ba5 31. Kf2 Re3 32. Rf1 Qe6 33. Re1 Rxf3+ 34. exf3 Qe3+ 35. Rxe3 dxe3+ 0-1

[Event "Polofinale MCR junioru 2023"]
[Site "Czech Republic"]
[Date "2023.11.11"]
[Round "1.11"]
[White "Skypala, Ondrej"]
[Black "Rucabado, Stefan"]
[Result "1-0"]
[TimeControl "90 min per 40 moves + 15 min + 30 sec / move from move 1"]
[WhiteFideId "366285"]
[BlackFideId "23730315"]
[WhiteElo "2159"]
[BlackElo "1873"]

1. c4 c5 2. g3 Nc6 3. Bg2 e6 4. Nf3 Nge7 5. O-O g6 6. d4 cxd4 7. Nxd4 a6 8. Nc3 Bg7 9. Be3 O-O 10.
Qd2 Qc7 11. b3 Rd8 12. Rac1 d6 13. Nd5 exd5 14. cxd5 Bd7 15. dxc6 Nxc6 16. Nc2 Rac8 17. Nb4 Be8 18. Nd5 Qb8 19.
Bg5 Kh8 20. Bf6 b5 21. Qh6 1-0

[Event "Polofinale MCR junioru 2023"]
[Site "Czech Republic"]
[Date "2023.11.11"]
[Round "1.12"]
[White "Stejskal, Michal"]
[Black "Hlavina, Matous"]
[Result "0-1"]
[TimeControl "90 min per 40 moves + 15 min + 30 sec / move from move 1"]
[WhiteFideId "398195"]
[BlackFideId "386650"]
[WhiteElo "1872"]
[BlackElo "2134"]

1. e4 d5 2. exd5 Qxd5 3. Nc3 Qd6 4. Nf3 Nf6 5. d4 a6 6. h3 Bf5 7. Bd3 Bxd3 8. Qxd3 Nc6 9. a3 e6 10.
Be3 Be7 11. O-O O-O 12. Rad1 Rfd8 13. Rfe1 h6 14. Qe2 b5 15. b4 Bf8 16. g3 Ne7 17. Ne5 Ned5 18. Nxd5 Qxd5 19. c4 Qb7 20.
Bc1 Bd6 21. Bb2 Bxe5 22. dxe5 Nh7 23. h4 Nf8 24. Qg4 Ng6 25. Kh2 Ne7 26. Qe2 bxc4 27. Qxc4 Qf3 28. Qc2 Rd5 29. Rxd5 Nxd5 30.
Qe2 Qb3 31. Rd1 Rb8 32. Rd3 Qc4 33. Qd2 c5 34. Bc3 cxb4 35. Bxb4 Nxb4 36. axb4 Rxb4 37. Rd8+ Kh7 38. Qd7 Qd5 39.
Qe7 Rb7 40. Rxd5 Rxe7 41. Ra5 Ra7 42. h5 Kg8 43. g4 Kf8 44. Kg3 Ke7 45. Kf4 Kd7 46. Ke4 Kc6 47. f4 Kb6 48. Ra1 a5 49.
f5 a4 50. f6 gxf6 51. exf6 a3 52. g5 hxg5 53. h6 Ra8 54. h7 Rh8 55. Rxa3 Rxh7 56. Ke5 Kc6 57. Ra6+ Kc5 58. Ra5+ Kb6 59.
Ra3 Rh6 60. Rb3+ Kc6 61. Rc3+ Kb7 62. Rb3+ Kc6 63. Rc3+ Kb5 64. Rb3+ Kc4 65. Ra3 g4 66. Rg3 Rg6 67. Kd6 Rxf6 68.
Rxg4+ Kd3 69. Ra4 Rf5 70. Ra3+ Ke4 71. Ra4+ Kf3 0-1

[Event "Polofinale MCR junioru 2023"]
[Site "Czech Republic"]
[Date "2023.11.11"]
[Round "1.13"]
[White "Hurtik, Matej"]
[Black "Steinbauer, Sebastian"]
[Result "1-0"]
[TimeControl "90 min per 40 moves + 15 min + 30 sec / move from move 1"]
[WhiteFideId "397997"]
[BlackFideId "399272"]
[WhiteElo "2131"]
[BlackElo "1869"]

1. e4 e5 2. Nf3 Nf6 3. Nxe5 d6 4. Nf3 Nxe4 5. d4 d5 6. Bd3 Bd6 7. O-O O-O 8. c4 c6 9. Qc2 Re8 10.
Nc3 f5 11. cxd5 Nxc3 12. bxc3 cxd5 13. Bxf5 g6 14. Bxg6 1-0

[Event "Polofinale MCR junioru 2023"]
[Site "Czech Republic"]
[Date "2023.11.11"]
[Round "1.14"]
[White "Mrazek, Roman"]
[Black "Stocek, Martin"]
[Result "1/2-1/2"]
[TimeControl "90 min per 40 moves + 15 min + 30 sec / move from move 1"]
[WhiteFideId "23707062"]
[BlackFideId "380121"]
[WhiteElo "1866"]
[BlackElo "2125"]

1. e4 c6 2. d4 d5 3. exd5 cxd5 4. c4 Nf6 5. Nc3 g6 6. h3 Bg7 7. Nf3 O-O 8. Be3 Nc6 9. Rc1 b6 10.
Be2 Bb7 11. O-O Rc8 12. Qa4 dxc4 13. Bxc4 a6 14. Be2 b5 15. Qd1 Nd5 16. Qd2 Nxc3 17. Rxc3 e6 18. Rd1 Qd7 19. Bh6 Rfd8 20.
Bxg7 Kxg7 21. Rd3 Qd5 22. a3 Ne7 23. Ne1 Qd7 24. Bf3 Nd5 25. Nc2 Nb6 26. Bxb7 Qxb7 27. Ne3 Rd6 28. Rc1 Rxc1+ 29. Qxc1 Qd7 30. Ng4 Qd8 31. Qh6+ Kg8 32. Rf3 Nd5 33. h4 1/2-1/2

[Event "Polofinale MCR junioru 2023"]
[Site "Czech Republic"]
[Date "2023.11.11"]
[Round "1.15"]
[White "Prazak, Daniel"]
[Black "Pelc, Adam"]
[Result "1-0"]
[TimeControl "90 min per 40 moves + 15 min + 30 sec / move from move 1"]
[WhiteFideId "23709456"]
[BlackFideId "23723033"]
[WhiteElo "2103"]
[BlackElo "1856"]

1. e4 c5 2. Nf3 g6 3. c4 Bg7 4. d4 cxd4 5. Nxd4 Nc6 6. Be3 Nf6 7. Nc3 O-O 8. Be2 d6 9. O-O Bd7 10.
h3 Nxd4 11. Bxd4 Bc6 12. Qc2 Nd7 13. Bxg7 Kxg7 14. b4 b6 15. Rac1 Rc8 16. f4 a5 17. a3 Nf6 18. Qd3 Qc7 19.
Qe3 axb4 20. axb4 Kg8 21. f5 Qb7 22. fxg6 fxg6 23. b5 Be8 24. e5 dxe5 25. Bf3 Qc7 26. Nd5 Nxd5 27. Bxd5+ Bf7 28.
Rxf7 Rxf7 29. Rf1 Rcf8 30. Rxf7 Rxf7 31. Qf2 e6 32. Bxe6 Kg7 33. Qxf7+ Qxf7 34. Bxf7 Kxf7 35. c5 1-0

[Event "Polofinale MCR junioru 2023"]
[Site "Czech Republic"]
[Date "2023.11.11"]
[Round "1.16"]
[White "Roubal, Matyas"]
[Black "Lihotsky, Lukas"]
[Result "0-1"]
[TimeControl "90 min per 40 moves + 15 min + 30 sec / move from move 1"]
[WhiteFideId "23727152"]
[BlackFideId "23727004"]
[WhiteElo "1837"]
[BlackElo "2100"]

1. e4 c6 2. Nc3 d5 3. Nf3 Bg4 4. h3 Bxf3 5. Qxf3 e6 6. g3 Nf6 7. d3 Bb4 8. Bd2 d4 9. Nb1 Bxd2+ 10. Nxd2 e5 11. Bg2 Qe7 12. Qe2 Nbd7 13. O-O O-O 14. f4 a6 15. Nf3 c5 16. fxe5 Nxe5 17. Nxe5 Qxe5 18. Rf5 Qxg3 19.
Rxc5 Rac8 20. Rxc8 Rxc8 21. Rf1 Nd7 22. Qf2 Qxf2+ 23. Rxf2 Ne5 24. Kf1 b5 25. Ke1 b4 26. Kd2 a5 27.
Rf1 Rc6 28. Rf5 f6 29. Rf1 g5 30. Rc1 Rd6 31. Ra1 h5 32. a3 Kf7 33. axb4 axb4 34. Ra7+ Kg6 35. Rb7 Ra6 36. Ke2 Ra1 37.
Rxb4 Rc1 38. Rxd4 Rxc2+ 39. Kf1 Rxb2 40. Rd8 g4 41. hxg4 hxg4 42. Kg1 Kg5 43. d4 Nc4 44. e5 Ne3 45.
Be4 fxe5 46. dxe5 Kf4 47. e6 Kxe4 48. e7 Kf3 49. Rd1 Rb8 0-1

[Event "Polofinale MCR junioru 2023"]
[Site "Czech Republic"]
[Date "2023.11.11"]
[Round "1.17"]
[White "Davidek, Zdenek"]
[Black "Bednar, Milos"]
[Result "1-0"]
[TimeControl "90 min per 40 moves + 15 min + 30 sec / move from move 1"]
[WhiteFideId "23725001"]
[BlackFideId "23709812"]
[WhiteElo "2099"]
[BlackElo "1833"]

1. d4 d5 2. c4 e6 3. Nf3 c5 4. cxd5 exd5 5. g3 Nc6 6. Bg2 Nf6 7. O-O Bf5 8. Nc3 c4 9. Bg5 Be7 10.
Ne5 Qa5 11. Bd2 Qd8 12. Nxd5 Nxd5 13. e4 Nxd4 14. exd5 Qc7 15. Bc3 Nb5 16. Qa4 a6 17. Rfe1 O-O 18. Qxc4 Rac8 19. Qxc7 Rxc7 20.
Ba5 Rc2 21. g4 Bc8 22. Be4 Rxb2 23. Nc4 Rb4 24. Bxb4 Bxb4 25. Re3 Bxg4 26. Rb1 Bc5 27. Rg3 Be2 28. Bd3 Bxd3 29. Rxd3 Bd6 30.
a4 Rc8 31. axb5 Rxc4 32. bxa6 bxa6 33. Rb6 Rg4+ 34. Kf1 Rg1+ 1-0

[Event "Polofinale MCR junioru 2023"]
[Site "Czech Republic"]
[Date "2023.11.11"]
[Round "1.18"]
[White "Siles, Jan"]
[Black "Janous, Marek"]
[Result "1-0"]
[TimeControl "90 min per 40 moves + 15 min + 30 sec / move from move 1"]
[WhiteFideId "23715405"]
[BlackFideId "23709650"]
[WhiteElo "1829"]
[BlackElo "2098"]

1. d4 Nf6 2. Nf3 d5 3. c4 e6 4. Bg5 Nbd7 5. cxd5 exd5 6. Nc3 c6 7. e3 Be7 8. Bd3 O-O 9. Qc2 h6 10.
Bh4 Re8 11. O-O a6 12. Nd2 Nb6 13. Rad1 Bg4 14. f3 Be6 15. Bf2 Rc8 16. e4 dxe4 17. Ndxe4 Nbd7 18. Rfe1 Nd5 19. Qd2 Nxc3 20.
bxc3 Qa5 21. Bb1 Nb6 22. Ng3 Ba3 23. Qc2 g6 24. Be3 Qa4 25. Qf2 Bf8 26. Ne4 Nd5 27. Bd2 f5 28. Qg3 Kh7 29.
Nd6 Bxd6 30. Qxd6 Rcd8 31. Qg3 Bf7 32. Qh4 f4 33. Bxf4 Nxf4 34. Qxf4 Kg7 35. Qd2 Qc4 36. Rxe8 Rxe8 37.
Re1 Qd5 38. Rxe8 Bxe8 39. Qe3 Bf7 40. Kf2 Qc4 41. h4 h5 42. Qe5+ Kg8 43. Qf6 Kh7 44. g4 Kg8 45. Bxg6 Qxa2+ 46. Ke3 Bc4 47. Bxh5 Qe2+ 48. Kf4 Bd5 49. Kg5 Qe3+ 50. f4 Qe6 51. Qxe6+ Bxe6 52. Kf6 Bc4 53. Ke7 Kg7 54. f5 a5 55.
f6 Kh6 56. Bf7 Bxf7 57. Kxf7 a4 58. Ke7 a3 59. f7 1-0

[Event "Polofinale MCR junioru 2023"]
[Site "Czech Republic"]
[Date "2023.11.11"]
[Round "1.19"]
[White "Lang, Simon"]
[Black "Mydlar, Matej"]
[Result "1-0"]
[TimeControl "90 min per 40 moves + 15 min + 30 sec / move from move 1"]
[WhiteFideId "23712449"]
[BlackFideId "23735074"]
[WhiteElo "2090"]
[BlackElo "1809"]

1. e4 c5 2. Nf3 a6 3. Nc3 Nc6 4. d4 cxd4 5. Nxd4 d6 6. Be3 Nf6 7. f3 e5 8. Nb3 Be6 9. a4 Na5 10.
Nxa5 Qxa5 11. Qd2 d5 12. Nxd5 Qxd2+ 13. Kxd2 Nxd5 14. exd5 Bxd5 15. c4 Be6 16. a5 Bb4+ 17. Kc2 Rc8 18. Kb3 Bc5 19. Bxc5 Rxc5 20. Kc3 Ke7 21.
Be2 Rd8 22. b3 Rc6 23. Rhd1 Rb8 24. Rd2 b5 25. axb6 Rcxb6 26. Rb2 Rc6 27. Ra5 f6 28. b4 Bc8 29. c5 f5 30. Bc4 g6 31.
Rba2 Ra8 32. Bd5 1-0

[Event "Polofinale MCR junioru 2023"]
[Site "Czech Republic"]
[Date "2023.11.11"]
[Round "1.20"]
[White "Hampl, David"]
[Black "Mach, Petr"]
[Result "0-1"]
[TimeControl "90 min per 40 moves + 15 min + 30 sec / move from move 1"]
[WhiteFideId "398802"]
[BlackFideId "383546"]
[WhiteElo "1801"]
[BlackElo "2084"]

1. d4 g6 2. e4 Bg7 3. Nc3 d6 4. Bf4 Nd7 5. Nf3 e5 6. Bg5 f6 7. Be3 Ne7 8. Qd2 Nc6 9. O-O-O exd4 10.
Nxd4 Nde5 11. h3 Nxd4 12. Qxd4 Be6 13. Bb5+ Nc6 14. f4 O-O 15. Qa4 Ne7 16. Bc4 Bf7 17. g4 Qe8 18. Qb3 Bxc4 19.
Qxc4+ Rf7 20. f5 gxf5 21. gxf5 Nxf5 22. Bd2 Nh4 23. Rdf1 Qe5 24. Rhg1 Re8 25. Nd5 Ng6 26. Rg4 c6 27.
Ne3 d5 28. exd5 f5 29. dxc6 Qxb2+ 30. Kd1 b5 31. Qd5 Qb1+ 32. Ke2 Qxc2 33. Rc1 Qxc1 34. Bxc1 fxg4 35. Qxb5 Nf4+ 36. Kd1 Rd8+ 37.
Kc2 gxh3 38. Ng4 Ne6 39. Be3 Nc7 40. Qg5 Rd6 41. Qc5 Rg6 42. Nf2 Rg2 43. Kb3 h2 44. Nh1 Rb2+ 45. Ka4 Rxa2+ 46. Kb3 Rb2+ 47. Ka4 Rb1 48. Bc1 Na6 49. Qc2 Ra1+ 50. Kb5 Nc7+ 51. Kc5 Ra5+ 52. Kb4 Rb5+ 53. Ka4 Rb6 54. Be3 Ra6+ 55.
Kb3 Ra1 56. Qxh2 Rb1+ 57. Kc4 a5 58. Ng3 Rb4+ 59. Kd3 Rb3+ 60. Ke2 Re7 61. Nf1 Rexe3+ 62. Kd1 Rb1+ 63. Kd2 Rb2+ 64. Kxe3 Rxh2 65.
Nxh2 Kf7 66. Kd3 Ke6 0-1

[Event "Polofinale MCR junioru 2023"]
[Site "Czech Republic"]
[Date "2023.11.11"]
[Round "1.21"]
[White "Jirasko, Miroslav"]
[Black "Jurok, Vojtech"]
[Result "1-0"]
[TimeControl "90 min per 40 moves + 15 min + 30 sec / move from move 1"]
[WhiteFideId "23729414"]
[BlackFideId "23741023"]
[WhiteElo "2084"]
[BlackElo "1801"]

1. e4 c5 2. Nf3 g6 3. c4 Nc6 4. d4 cxd4 5. Nxd4 Nf6 6. Nc3 Nxd4 7. Qxd4 d6 8. Be3 Bg7 9. Be2 O-O 10.
Qd2 Qa5 11. O-O Be6 12. f3 Rfc8 13. b3 a6 14. Rfc1 Nd7 15. Rab1 Qb4 16. Rc2 b5 17. Nd5 Qxd2 18. Rxd2 Bxd5 19.
Rxd5 bxc4 20. Bxc4 a5 21. Rb5 Kf8 22. Bd5 Rcb8 23. Bxa8 Rxa8 24. Rc1 Bb2 25. Rc7 1-0

[Event "Polofinale MCR junioru 2023"]
[Site "Czech Republic"]
[Date "2023.11.11"]
[Round "1.22"]
[White "Sprinar, Michal"]
[Black "Bezdek, Tomas"]
[Result "1-0"]
[TimeControl "90 min per 40 moves + 15 min + 30 sec / move from move 1"]
[WhiteFideId "23714190"]
[BlackFideId "23733551"]
[WhiteElo "1742"]
[BlackElo "2078"]

1. e4 e6 2. d4 d5 3. Nd2 c5 4.
exd5 Qxd5 5. Ngf3 cxd4 6. Bc4 Qd6 7. O-O Nf6 8. Nb3 Nc6 9. Nbxd4 Nxd4 10. Qxd4 a6 11. Bf4 Qxd4 12. Nxd4 Be7 13.
Rfd1 O-O 14. a4 Bd7 15. c3 Rac8 16. Bb3 Rfd8 17. f3 Bc5 18. Kf1 h6 19. Be5 Ne8 20. Rd2 Kf8 21. Rad1 Ke7 22.
Bc2 b5 23. axb5 axb5 24. Be4 f6 25. Bg3 Nd6 26. Bxd6+ Bxd6 27. g3 b4 28. cxb4 Bxb4 29. Rc2 Rxc2 30. Bxc2 Bc5 31. Kg2 Rc8 32.
Ne2 Bd6 33. Bd3 Rb8 34. Rb1 Bc6 35. Nd4 Bd5 36. b3 Be5 37. Nb5 Ra8 38. Kf2 Ra2+ 39. Be2 Bc6 40. Ke3 Rxe2+ 41. Kxe2 Bxb5+ 42. Ke3 f5 43. Rc1 g5 44. Rc5 f4+ 45. Ke4 fxg3 46. hxg3 Bxg3 47. Rxb5 h5 48. Rxg5 1-0

[Event "Polofinale MCR junioru 2023"]
[Site "Czech Republic"]
[Date "2023.11.11"]
[Round "1.23"]
[White "Kubiczek, Michal"]
[Black "Veny, Jaume"]
[Result "1-0"]
[TimeControl "90 min per 40 moves + 15 min + 30 sec / move from move 1"]
[WhiteFideId "23706996"]
[BlackFideId "397792"]
[WhiteElo "2068"]
[BlackElo "1729"]

1. d4 c5 2. d5 e6 3. c4 exd5 4. cxd5 d6 5. Nc3 g6 6. Nf3 Nf6 7. Nd2 b5 8. Nxb5 Nxd5 9. Qa4 Bd7 10.
Qe4+ Be6 11. Nc4 Na6 12. Bf4 Nxf4 13. Qxf4 Bxc4 14. Qxc4 Qa5+ 15. Nc3 Bg7 16. Qe4+ Kd7 17. Qa4+ Qxa4 18.
Nxa4 Nb4 19. Rd1 Kc7 20. a3 Nc2+ 21. Kd2 Nd4 22. e3 Nc6 23. Bc4 f5 24. Ke2 Rhd8 25. Rd2 Rab8 26. Rc1 Na5 27. b4 Nb7 28. Bd5 Bf8 29. Rdc2 Kd7 30. Bxb7 Rxb7 31. bxc5 dxc5 32. Nxc5+ Bxc5 33. Rxc5 Rb2+ 34. Kf3 Ke7 35. Rc7+ Rd7 36.
Rxd7+ Kxd7 37. Rc5 a6 38. h4 Kd6 39. Ra5 Rb6 40. g4 fxg4+ 41. Kxg4 h6 42. f4 Ke6 43. h5 gxh5+ 44. Kxh5 Ke7 45. e4 Rc6 46. f5 Rf6 47. Kg4 Kf7 48.
e5 Rc6 49. Kh5 Kg7 50. e6 Rb6 51. Re5 Kf6 52. Re3 Rb7 53. Kxh6 Re7 54. Rf3 a5 55. Kh5 Rg7 56. Kh4 Rg5 57.
Kh3 Ke7 58. f6+ Kxe6 59. f7 1-0

[Event "Polofinale MCR junioru 2023"]
[Site "Czech Republic"]
[Date "2023.11.11"]
[Round "1.24"]
[White "Svadlenka, Dominik"]
[Black "Bohacek, Jan Andrej"]
[Result "1-0"]
[TimeControl "90 min per 40 moves + 15 min + 30 sec / move from move 1"]
[WhiteFideId "23716258"]
[BlackFideId "23727357"]
[WhiteElo "1725"]
[BlackElo "2066"]

1. d4 d5 2. c4 e6 3. Nc3 Nf6 4.
Bg5 dxc4 5. e3 a6 6. Bxc4 b5 7. Bd3 Nbd7 8. Nf3 c5 9. O-O Bb7 10. dxc5 Nxc5 11. Bc2 Qc7 12. Rc1 Qb6 13.
Qe2 Nd5 14. Nxd5 Bxd5 15. b3 Qb7 16. Rfd1 f6 17. Bf4 Be7 18. e4 Bc6 19. Nd4 e5 20. Nxc6 Qxc6 21. Be3 Ne6 22. Bd3 Qb7 23.
a4 Rb8 24. axb5 axb5 25. Ra1 Nd4 26. Bxd4 exd4 27. Ra5 O-O 28. Bxb5 Kh8 29. Bc4 Bb4 30. Rd5 Bc3 31. Qg4 Rbd8 32.
Rh5 Qa7 33. Rxh7+ 1-0

[Event "Polofinale MCR junioru 2023"]
[Site "Czech Republic"]
[Date "2023.11.11"]
[Round "1.25"]
[White "Kulhanek, Jachym"]
[Black "Vlcek, Vojtech"]
[Result "0-1"]
[TimeControl "90 min per 40 moves + 15 min + 30 sec / move from move 1"]
[WhiteFideId "23716193"]
[BlackFideId "23728647"]
[WhiteElo "2056"]
[BlackElo "1703"]

1. e4 e5 2. f4 d5 3. exd5 e4 4. Nc3 Nf6 5. Bb5+ Bd7 6. Qe2 Bd6 7. Bxd7+ Nbxd7 8. d3 O-O 9. Nxe4 Re8 10.
Qf3 Nc5 11. Ne2 Ncxe4 12. dxe4 Nxe4 13. O-O Bc5+ 14. Be3 Nd2 0-1

[Event "Polofinale MCR junioru 2023"]
[Site "Czech Republic"]
[Date "2023.11.11"]
[Round "1.26"]
[White "Svadlenka, Michal"]
[Black "Hozda, Max"]
[Result "0-1"]
[TimeControl "90 min per 40 moves + 15 min + 30 sec / move from move 1"]
[WhiteFideId "23717068"]
[BlackFideId "23725958"]
[WhiteElo "1689"]
[BlackElo "2045"]

1. e4 Nf6 2. e5 Nd5 3. d4 d6 4. c4 Nb6 5. exd6 cxd6 6. Nc3 g6 7. Nf3 Bg7 8. Be3 Nc6 9. Be2 O-O 10.
O-O Bg4 11. b3 d5 12. c5 Nc8 13. Rb1 e6 14. b4 a6 15. a4 N8e7 16. b5 Na5 17. Bf4 Nf5 18. Ne5 Bxe2 19. Nxe2 f6 20.
Nf3 Re8 21. Nc3 Qd7 22. Re1 Nc4 23. Qd3 Rad8 24. Nd2 g5 25. Bg3 Nxd2 26. Qxd2 h6 27. bxa6 bxa6 28. Rb6 e5 29. dxe5 fxe5 30.
Rxa6 Qc8 31. Ra5 Qc6 32. Rb1 d4 33. Na2 e4 34. Rb6 e3 35. Qe1 e2 36. Rxc6 d3 37. Rb5 d2 38. Rb1 dxe1=Q+ 39. Rxe1 Rd1 40. f3 Bd4+ 0-1